Map: Lightshade LE

Players

MarineLorD

  • Race: Terran Terran
  • League: Master
  • Spawn Location: 11:00

Lambo - Winner!

  • Race: Zerg Zerg
  • League: Master
  • Spawn Location: 5:00

Event: DreamHack SC2 Masters 2020 Winter

VOD

Have the link to the VOD?

Description

Time

  • Played on: Oct. 28, 2020, 11:48 a.m.
  • Length: 9:52

All games in this series

Show
View Real Time Build Order
Export as new Build Order

MarineLorD Terran 

Build Orders: Gas First Reaper Expand, Liberator Opening 

Get SALT Encoding   

  12  0:00  SCV  
  13  0:12  SCV  
  14  0:16  Supply Depot  
  14  0:24  SCV  
  14  0:27  Refinery  
  15  0:38  SCV  
  16  0:44  Barracks  
  16  0:50  SCV  
  17  1:02  SCV  
  18  1:14  SCV  
  19  1:31  Reaper, Orbital Command  
  20  1:41  Command Center  
  20  1:52  Factory  
  20  1:56  SCV  
  21  2:06  Barracks Reactor  
  21  2:08  SCV  
  21  2:11  Supply Depot  
  21  2:15  Refinery  
  22  2:20  SCV  
  23  2:33  SCV  
  24  2:45  SCV, Starport  
  24  2:50  Hellion  
  24  2:51  Hellion  
  29  2:53  Orbital Command  
  29  2:57  SCV  
  29  2:58  Marine  
  31  3:11  SCV  
  31  3:12  Hellion x2  
  36  3:16  Supply Depot  
  36  3:19  SCV  
  37  3:24  Liberator  
  40  3:30  SCV  
  40  3:32  SCV  
  42  3:38  Hellion x2  
  46  3:42  SCV  
  46  3:44  Supply Depot  
  46  3:45  SCV  
  48  3:54  SCV  
  49  3:56  Barracks Tech Lab  
  49  3:58  SCV  
  50  4:06  SCV  
  50  4:09  Supply Depot  
  51  4:10  SCV  
  51  4:16  Marine  
  53  4:17  Stimpack  
  53  4:18  SCV  
  53  4:21  Command Center  
  53  4:22  SCV  
  55  4:30  SCV  
  56  4:34  SCV  
  56  4:37  Factory Reactor  
  56  4:38  Starport Reactor  
  57  4:40  Marine  
  57  4:42  SCV  
  59  4:46  SCV  
  59  4:49  Barracks  
  58  4:52  Barracks  
  58  4:54  SCV  
  58  4:58  SCV, Marine  
  55  5:07  SCV  
  48  5:08  Refinery  
  48  5:09  Engineering Bay x2  
  48  5:10  SCV, Refinery  
  49  5:15  Marine  
  49  5:18  Widow Mine x2  
  49  5:19  SCV  
  55  5:22  SCV  
  55  5:25  Starport Reactor  
  56  5:31  SCV  
  56  5:32  Orbital Command, Barracks x2  
  56  5:35  SCV  
  58  5:36  Marine  
  58  5:40  Terran Infantry Weapons Level 1, Terran Infantry Armor Level 1  
  58  5:42  Widow Mine x2  
  63  5:44  Marine x3  
  63  5:45  Marine  
  67  5:50  SCV x2  
  67  5:53  Orbital Command  
  67  5:56  Combat Shield  
  69  5:59  Marine  
  69  6:01  Medivac x2, Marine  
  69  6:02  Marine  
  69  6:03  Supply Depot  
  76  6:05  Supply Depot  
  76  6:07  SCV  
  76  6:08  SCV  
  78  6:13  Widow Mine x2  
  82  6:19  SCV  
  82  6:20  SCV, Marine  
  82  6:21  Barracks Reactor x2  
  82  6:25  Marine x2  
  87  6:28  SCV, Supply Depot x2  
  87  6:31  SCV  
  87  6:32  SCV, Medivac  
  92  6:35  Medivac  
  92  6:39  Marine  
  94  6:40  Marine x2  
  94  6:41  Widow Mine  
  94  6:42  Widow Mine  
  101  6:49  SCV x2, Marine  
  101  6:51  Armory, Supply Depot  
  101  6:52  Supply Depot, Marine  
  105  6:57  SCV, Marine x3  
  105  7:00  Refinery, Marine  
  110  7:01  SCV  
  110  7:02  Widow Mine  
  110  7:03  Widow Mine  
  110  7:05  Marine x2  
  110  7:08  Marine  
  117  7:13  SCV x3, Marine x2  
  117  7:15  Marine x2  
  119  7:21  Marine x2  
  122  7:23  Factory  
  122  7:24  Medivac  
  122  7:25  SCV x2  
  122  7:26  SCV, Medivac  
  129  7:35  Supply Depot, Marine  
  130  7:41  SCV x2, Marine  
  133  7:44  Marine x2  
  133  7:52  Factory Tech Lab  
  133  7:56  Marine x4  
  133  7:57  Medivac x2  
  141  7:59  Marine x3  
  141  8:02  Marine x2  
  144  8:11  SCV  
  144  8:12  SCV x2  
  129  8:14  Marine x4  
  129  8:17  Marine x3  
  127  8:20  Marine x2  
  127  8:24  SCV x2  
  116  8:30  SCV  
  116  8:32  Marine x4  
  112  8:35  Marine x3  
  112  8:38  Marine x2  
  102  8:50  Marine x4  
  102  8:53  SCV x2, Marine x3  
  96  8:55  Marine x2  
  96  9:02  Siege Tank  
  93  9:05  SCV x2  
  93  9:08  Marine x4  
  94  9:10  Marine x3  
  94  9:13  Marine x2  
  99  9:18  Factory Tech Lab  
  99  9:20  SCV x2  
  99  9:25  Marine x3  
  99  9:26  Marine  
  99  9:28  Marine x3  
  95  9:31  Marine x2  
  95  9:37  SCV x2  
Show
View Real Time Build Order
Export as new Build Order

Lambo Zerg - Winner!

Build Orders: Hatch First 

Get SALT Encoding   

  12  0:00  Drone  
  13  0:12  Overlord  
  13  0:16  Drone  
  14  0:30  Drone x2  
  16  0:47  Hatchery  
  15  0:50  Drone  
  15  0:55  Drone  
  17  0:58  Drone  
  18  1:12  Spawning Pool  
  18  1:14  Extractor  
  18  1:18  Drone  
  17  1:22  Drone  
  18  1:28  Drone  
  19  1:38  Drone  
  20  1:51  Overlord  
  20  1:59  Queen x2  
  20  2:00  Zergling x4  
  26  2:10  Drone  
  26  2:11  Drone  
  28  2:18  Metabolic Boost  
  28  2:21  Drone x2  
  30  2:40  Hatchery  
  30  2:41  Drone  
  30  2:46  Drone  
  30  2:47  Drone  
  32  2:53  Overlord  
  32  2:56  Pneumatized Carapace  
  32  2:58  Drone  
  32  3:03  Drone  
  32  3:04  Drone  
  35  3:11  Drone x2  
  37  3:13  Queen  
  37  3:18  Drone  
  37  3:19  Drone  
  41  3:22  Overlord  
  41  3:27  Drone  
  41  3:29  Drone  
  41  3:33  Drone  
  44  3:40  Queen  
  46  3:46  Zergling x8  
  50  3:52  Queen  
  50  3:53  Queen  
  50  3:54  Overlord  
  54  3:58  Drone  
  55  4:04  Spine Crawler  
  55  4:08  Zergling x2  
  55  4:09  Drone x3  
  58  4:14  Overlord  
  58  4:15  Drone, Baneling Nest  
  58  4:16  Drone x2  
  61  4:21  Spore Crawler x2  
  61  4:24  Zergling x4  
  61  4:26  Drone  
  61  4:27  Drone  
  63  4:33  Spore Crawler  
  63  4:34  Drone x3  
  63  4:37  Drone x2  
  67  4:42  Drone  
  66  4:46  Drone  
  66  4:49  Drone  
  65  4:55  Drone  
  65  4:57  Drone  
  65  4:59  Drone x2  
  66  5:01  Drone  
  66  5:06  Drone x7  
  73  5:13  Lair  
  73  5:14  Extractor  
  72  5:17  Evolution Chamber, Queen  
  72  5:21  Evolution Chamber, Drone  
  72  5:25  Overlord  
  73  5:30  Extractor  
  73  5:32  Drone, Extractor  
  72  5:35  Drone  
  72  5:40  Extractor  
  72  5:41  Roach Warren, Drone x2  
  73  5:43  Queen, Extractor  
  73  5:44  Drone x7  
  73  5:47  Zerg Missile Weapons Level 1  
  81  5:51  Zerg Ground Armor Level 1  
  81  5:54  Overlord  
  81  5:56  Overlord  
  81  6:00  Overlord  
  81  6:03  Overlord  
  81  6:05  Overlord  
  81  6:09  Overlord  
  81  6:12  Drone  
  81  6:13  Drone x2  
  81  6:17  Drone  
  85  6:21  Roach x4  
  85  6:23  Glial Reconstitution  
  85  6:24  Roach  
  95  6:30  Hatchery  
  95  6:32  Roach x5  
  104  6:35  Roach  
  104  6:37  Roach  
  108  6:40  Overlord  
  108  6:42  Roach  
  108  6:45  Roach x2  
  114  6:54  Roach x2  
  118  7:01  Overlord, Roach  
  118  7:02  Roach x3  
  118  7:04  Overlord  
  118  7:05  Roach x5  
  135  7:10  Roach  
  135  7:14  Overlord  
  135  7:16  Roach  
  135  7:19  Roach  
  135  7:20  Ravager x2, Overseer  
  135  7:21  Overlord  
  137  7:23  Roach  
  137  7:24  Ravager x3  
  137  7:26  Ravager  
  137  7:27  Roach  
  137  7:28  Roach x2  
  149  7:36  Roach x6  
  161  7:40  Roach x2  
  161  7:44  Roach  
  167  7:46  Roach  
  167  7:51  Overlord  
  169  7:52  Roach  
  169  7:56  Roach x2  
  175  7:59  Overlord  
  175  8:01  Overlord  
  175  8:04  Overlord  
  175  8:05  Overseer  
  175  8:06  Overlord  
  175  8:11  Roach x4  
  173  8:13  Roach x2  
  173  8:15  Roach  
  173  8:17  Roach  
  173  8:18  Ravager  
  165  8:21  Roach  
  165  8:25  Roach x2  
  165  8:26  Roach x3  
  165  8:29  Centrifical Hooks  
  165  8:31  Roach x4  
  165  8:33  Roach x2  
  171  8:40  Roach x4  
  165  8:42  Roach  
  165  8:47  Roach  
  164  8:49  Roach x3  
  164  8:52  Roach x2  
  164  8:54  Roach  
  160  8:56  Roach  
  160  9:00  Roach x2  
  162  9:03  Overseer  
  162  9:04  Roach x2  
  162  9:09  Roach x3  
  170  9:15  Zergling x2  
  170  9:16  Zergling x8  
  171  9:17  Drone  
  171  9:19  Overseer  
  168  9:24  Roach x3  
  168  9:29  Roach x2  
Tags
 
Add a new tag
Caveats
  • Supply blocks, unpowered buildings, or Contaminate may cause inaccurate times.
  • Supply counts are checked every 10 seconds.